 Dungeon Crawl Stone Soup version 0.18.1-50-g88ac8fd (webtiles) character file.

135 ololoev the Chopper (level 4, 0/37 HPs)
             Began as a Demonspawn Berserker on Oct 28, 2016.
             Was a Follower of Trog.
             Slain by a giant gecko (3 damage)
             ... on level 3 of the Dungeon.
             The game lasted 00:02:30 (530 turns).

ololoev the Chopper (Demonspawn Berserker)           Turns: 530, Time: 00:02:32

Health: 0/37       AC: 11    Str: 18    XL:     4   Next: 96%
Magic:  4/4        EV:  3    Int:  9    God:    Trog [*.....]
Gold:   63         SH:  0    Dex: 12    Spells: 0 memorised, 3 levels left

rFire  . . .     SeeInvis .     a - +0 hand axe
rCold  . . .     Gourm    .     h - +0 plate armour
rNeg   . . .     Faith    .     (no shield)
rPois  .         Spirit   .     (no helmet)
rElec  .         Dismiss  .     (no cloak)
rCorr  .         Reflect  .     (no gloves)
SustAt .         Harm     .     (no boots)
MR     .....                    f - amulet of inaccuracy (curse)
Stlth  ..........               (no ring)
                                g - -3 ring of evasion (curse)

@: not resistant to hostile enchantments, extremely unstealthy
A: hooves 2
a: Berserk, Burn Spellbooks, Renounce Religion


Innate Abilities, Weirdness & Mutations

You have hoof-like feet.

Inventory:

Hand Weapons
 a - a +0 hand axe (weapon)
Armour
 h - a +0 plate armour (worn)
Jewellery
 f - a cursed amulet of inaccuracy (around neck)
 g - a cursed -3 ring of evasion (left hand)
Wands
 e - a wand of lightning (10/15)
Scrolls
 b - a scroll of recharging {unknown}
 j - a scroll of fear {unknown}
Comestibles
 c - a bread ration
 d - 3 chunks of flesh
 i - a beef jerky


   Skills:
 + Level 3.7 Fighting
 * Level 4.1 Axes
 + Level 2.8 Armour
 - Level 1.7 Dodging


You had 3 spell levels left.
You didn't know any spells.


You were on level 3 of the Dungeon.
You worshipped Trog.
Trog was aware of your devotion.
You were not hungry.

You visited 1 branch of the dungeon, and saw 3 of its levels.

You collected 63 gold pieces.

#.......#.###.#...#..
...........# #.#...#..
####.###.#.###........
##..................
#..........†........
#..>................
#####.##.#...#..........
!.......................
#?##..@##.#####........
# #.#l##.# ###......(.
#....... ..........<
.....# #####........
##.#..# #........ ...%.#
#......). ####..#
#........ #..#
........... ...........

Notes
Turn   | Place    | Note
--------------------------------------------------------------
     0 | D:1      | ololoev the Demonspawn Berserker began the quest for the Orb.
     0 | D:1      | Reached XP level 1. HP: 18/18 MP: 1/1
   123 | D:2      | Reached skill level 3 in Axes
   123 | D:2      | Gained mutation: You have large cloven feet. [demonic ancestry]
   123 | D:2      | Reached XP level 2. HP: 24/24 MP: 2/2
   416 | D:3      | Reached XP level 3. HP: 25/29 MP: 3/3
   481 | D:3      | Gained mutation: You have hoof-like feet. [demonic ancestry]
   481 | D:3      | Reached XP level 4. HP: 18/35 MP: 4/4
   491 | D:3      | Reached skill level 4 in Axes
   504 | D:3      | Found a glowing golden altar of the Shining One.
   530 | D:3      | Slain by a giant gecko

Dungeon Overview and Level Annotations

Branches:
Dungeon (3/15)

Altars:
The Shining One


Message History

The orc priest is severely wounded.
You barely miss the hobgoblin.
The hobgoblin is heavily wounded.
The hobgoblin hits you but does no damage.
Unknown command.
You miss the orc priest. Your kick misses the orc priest.
The orc priest is severely wounded.
You hit the hobgoblin.
You kill the hobgoblin!
Trog accepts your kill. The orc priest hits you.
Unknown command.
You slash the orc priest!
You kill the orc priest!
Trog accepts your kill.
Your Axes skill increases to level 4!
Unknown command.
You see here an orc corpse.
You butcher the orc corpse.
You enjoyed that.
d - 4 chunks of flesh (gained 3)
You see here an orc skeleton.
You feel a strong urge to attack something.
You are no longer berserk.
You are exhausted.
You feel yourself slow down.
You are feeling hungry.
You now have 63 gold pieces (gained 11).
Things that are here:
a club; a hobgoblin corpse Eat one of 4 chunks of flesh? (ye/n/q/i?) This raw flesh tastes terrible.
You continue eating. x2
You see here a mace.
Found a glowing golden altar of the Shining One.
j - a scroll labeled EWNICL FEQIOC You feel yourself speed up.
Found a scroll labeled DUQEEX ZAETE.
Found a scroll labeled YFOATZ RINLAMN.
There is a stone staircase leading down here.
A giant gecko comes into view.
Found a bread ration.
You feel less exhausted.
Found 2 lumpy sapphire potions.
You miss the giant gecko. Your kick misses the giant gecko.
The giant gecko bites you. x2
You hit the giant gecko. Your kick misses the giant gecko.
The giant gecko is moderately wounded.
The giant gecko barely misses you.
Your plate armour prevents you from hitting the giant gecko.
Your kick misses the giant gecko.
The giant gecko is moderately wounded.
The giant gecko barely misses you.
You hit the giant gecko but do no damage.
Your kick misses the giant gecko.
The giant gecko is moderately wounded.
The giant gecko bites you but does no damage. x2
You miss the giant gecko. Your kick misses the giant gecko.
The giant gecko is moderately wounded.
The giant gecko bites you but does no damage.
You miss the giant gecko. Your kick misses the giant gecko.
The giant gecko is moderately wounded.
The giant gecko barely misses you.
You miss the giant gecko.
You kick the giant gecko, but do no damage.
The giant gecko is moderately wounded.
The giant gecko barely misses you.
The giant gecko bites you but does no damage.
You hit the giant gecko. Your kick misses the giant gecko.
The giant gecko is almost dead.
The giant gecko barely misses you.
You miss the giant gecko.
The giant gecko is almost dead.
The giant gecko bites you but does no damage.
You barely miss the giant gecko.
The giant gecko is almost dead.
The giant gecko barely misses you. The giant gecko bites you.
You closely miss the giant gecko.
The giant gecko is almost dead.
The giant gecko bites you.
You die...

You could see a giant gecko.

Vanquished Creatures
  2 hounds (D:3)
  An orc priest (D:3)
  2 adders
  An ooze (D:3)
  2 worms (D:3)
  3 orcs (D:3)
  A ball python (D:2)
  3 hobgoblins (D:3)
  A kobold (D:3)
  A rat (D:3)
17 creatures vanquished.

Action                   |  1- 3 |  4- 6 || total
-------------------------+-------+-------++-------
Melee: Hand axe          |    71 |    21 ||    92
       Kick              |    16 |     3 ||    19
Invok: Berserk           |     4 |       ||     4
  Use: Scroll            |     1 |       ||     1
  Eat: Chunk             |     2 |     1 ||     3
Armor: Animal skin       |     3 |       ||     3
       Plate armour      |    45 |    11 ||    56
Dodge: Dodged            |    22 |     7 ||    29

Vault maps used:
D:1:      nicolae_arrival_memento_mori
D:2:      uniq_jessica
D:3:      nicolae_overflow_crystal_walls
